 Dungeon Crawl Stone Soup version 0.20.0-8-g6b59dc7 (webtiles) character file.

15587 RudyRod the Blocker (level 12, 0/91 HPs)
             Began as a Formicid Fighter on June 1, 2017.
             Was a High Priest of Okawaru.
             Slain by a two-headed ogre
             ... wielding a +0 giant club
              (22 damage)
             ... on level 11 of the Dungeon.
             The game lasted 01:00:46 (14161 turns).

RudyRod the Blocker (Formicid Fighter)             Turns: 14161, Time: 01:00:47

Health: 0/91       AC: 16    Str: 24    XL:     12   Next: 59%
Magic:  18/23      EV: 17    Int:  8    God:    Okawaru [*****.]
Gold:   359        SH: 13    Dex: 14    Spells: 11/11 levels left

rFire    + . .     SeeInvis +   y - +3 short sword
rCold    . . .     Gourm    .   c - +0 shield
rNeg     . . .     Faith    .   D - +3 scale mail {rF+}
rPois    .         Spirit   .   (helmet unavailable)
rElec    +         Reflect  .   J - +2 cloak {+Inv}
rCorr    .         Harm     .   i - +0 pair of gloves
MR       +....                  (no boots)
Stlth    ++........             (no amulet)
Regen    0.3/turn               G - ring of magical power
MPRegen  0.2/turn               f - ring of Hiselos {+Inv EV+3}

@: finesse
A: permanent stasis, dig shafts and tunnels, four strong arms, antennae 3, low
mp 1, mutation resistance 1, electricity resistance, strong 1
a: Dig, Shaft Self, Heroism, Finesse, Renounce Religion, Evoke Invisibility


You were on level 11 of the Dungeon.
You worshipped Okawaru.
Okawaru was extremely pleased with you.
You were hungry.

You visited 2 branches of the dungeon, and saw 12 of its levels.

You collected 524 gold pieces.
You spent 165 gold pieces at shops.

Inventory:

Hand Weapons
 a - a +0 long sword
 y - a +3 short sword (weapon)
Missiles
 P - 5 needles of sleeping
Armour
 b - a +0 scale mail
 c - a +0 shield (worn)
 i - a +0 pair of gloves (worn)
 D - a +3 scale mail of fire resistance (worn)
 F - a +3 leather armour of cold resistance
 H - a +0 cloak
 J - a +2 cloak of invisibility (worn)
Jewellery
 f - the ring of Hiselos (right hand) {+Inv EV+3}
   (You acquired it on level 7 of the Dungeon)

   [ring of evasion]

   It affects your evasion (+3).
   It lets you turn invisible.
 G - a ring of magical power (left hand)
Wands
 d - a wand of clouds (3/9)
 p - a wand of confusion (14/48)
 w - a wand of clouds (7/9)
 E - a wand of digging (19/24)
 I - a wand of digging (5/24)
 O - a wand of random effects (41/48)
Scrolls
 e - 4 scrolls of remove curse
 r - a scroll of fog
 s - 5 scrolls of identify
 u - a scroll of enchant weapon {unknown}
 A - a scroll of noise {unknown}
 B - a scroll of recharging
 M - 2 scrolls of amnesia
Potions
 k - 2 potions of lignification
 l - 4 potions of mutation
 m - a potion of cancellation {unknown}
 n - a potion of agility
 o - a potion of heal wounds
 q - 3 potions of brilliance
 t - a potion of invisibility {unknown}
 v - 5 potions of flight {unknown}
 x - 8 potions of curing
 K - a potion of degeneration {unknown}
 L - a potion of haste {unknown}
Books
 g - Sif Muna's Collected Works on Air
   (You found it on level 3 of the Dungeon)

   Spells                             Type                      Level
   a - Shock                          Conjuration/Air              1
 z - a book of Changes

   Spells                             Type                      Level
   a - Beastly Appendage              Transmutation                1
   b - Sticks to Snakes               Transmutation                2
   c - Spider Form                    Transmutation/Poison         3
   d - Ice Form                       Ice/Transmutation            4
   e - Blade Hands                    Transmutation                5
 C - a book of Battle

   Spells                             Type                      Level
   a - Infusion                       Charms                       1
   b - Shroud of Golubria             Charms/Translocation         2
   c - Song of Slaying                Charms                       2
   d - Spectral Weapon                Hexes/Charms                 3
   e - Regeneration                   Charms/Necromancy            3
Comestibles
 h - 16 royal jellies
 j - 16 fruits
 N - a meat ration


   Skills:
 + Level 7.2 Fighting
 + Level 8.2(9.1) Short Blades
 + Level 6.0(8.0) Long Blades
 * Level 8.7 Armour
 * Level 6.5 Dodging
 * Level 7.3 Stealth
 * Level 11.4 Shields
 + Level 0.5 Invocations
 * Level 6.2 Evocations


You had 11 spell levels left.
You didn't know any spells.

Dungeon Overview and Level Annotations

Branches:
Dungeon (11/15)            Temple (1/1) D:5            Lair (0/6) D:8
    Orc (0/2) D:10

Altars:
Ashenzari
Dithmenos
Fedhas
Gozag
Hepliaklqana
Kikubaaqudgha
Makhleb
Nemelex Xobeh
Okawaru
Qazlal
Ru
Sif Muna
Trog
Uskayaw
Vehumet
Xom
Yredelemnul
The Shining One
Beogh

Shops:
D:7 *   D:11 (

Annotations:
D:11 Sonja


Innate Abilities, Weirdness & Mutations

You cannot be hasted, slowed, berserked, paralysed or teleported.
You can dig through walls and to a lower floor.
Your four strong arms can wield two-handed weapons with a shield.
You have a pair of large antennae on your head. (SInv)
Your magical capacity is low. (-10% MP)
You are somewhat resistant to further mutation.
You are resistant to electric shocks. (rElec)
Your muscles are strong. (Str +2)


Message History

You hit the two-headed ogre.
The two-headed ogre is heavily wounded.
You block the two-headed ogre's attack.
The two-headed ogre hits you with a giant club!
* * * LOW HITPOINT WARNING * * *
You hit the two-headed ogre.
The two-headed ogre is severely wounded.
You feel better.
You block the two-headed ogre's attack. x2
An orc warrior comes into view. It is wielding a long sword.
The orc warrior shouts!
You hit the two-headed ogre but do no damage.
The two-headed ogre is severely wounded.
You hit the two-headed ogre.
The two-headed ogre is severely wounded.
You closely miss the two-headed ogre.
The two-headed ogre is severely wounded.
You hit the two-headed ogre.
The two-headed ogre is severely wounded.
The two-headed ogre hits you with a giant club!!
You die...

..?....... #.....#........
......... #.....'........
......... #...(.#........
........######.....#########
........#....#...........#..
#....o..#....#...........#..
#.......†....#...........#..
........#....#...........#..
........#.O@.#...........#..
#########..[.#...........#..
...........#.....###'###..
........)..#.....#........
...........#....)#........
...........#.....#........
#######....#.....#........
#...(#.....#........
#....#.....#.....#..


You could see a two-headed ogre and an orc warrior.

Vanquished Creatures
  Gastronok (D:8)
  4 two-headed ogres
  An unseen horror (D:9)
  An ugly thing (D:11)
  Maurice (D:10)
  6 trolls
  A hippogriff (D:9)
  Prince Ribbit (D:8)
  2 hornets (D:11)
  11 yaks
  Grum (D:10)
  2 wyverns (D:11)
  A soldier ant (D:11)
  Duvessa (D:6)
  A water moccasin (D:10)
  3 sky beasts
  7 ice beasts
  7 orc warriors (D:10)
  4 wolves (D:10)
  6 ogres
  4 centaurs
  3 crocodiles
  4 bullfrogs
  Dowan (D:6)
  5 scorpions
  11 killer bees
  9 wights
  2 crimson imps
  5 howler monkeys
  A bullfrog zombie (D:10)
  A jelly (D:11)
  A quasit (D:9)
  A centaur zombie (D:9)
  6 hounds
  Crazy Yiuf (D:6)
  A centaur skeleton (D:9)
  8 orc priests
  A bullfrog skeleton (D:8)
  An iguana (D:7)
  7 orc wizards
  5 worker ants
  11 adders
  A howler monkey skeleton (D:11)
  A shadow imp (D:6)
  An ooze (D:1)
  An adder skeleton (D:5)
  An adder zombie (D:5)
  A worm (D:11)
  3 dart slugs
  5 leopard geckos
  48 orcs
  3 bats
  8 giant cockroaches
  8 goblins
  4 hobgoblins
  20 jackals
  6 kobolds
  3 quokkas
  4 ball pythons
  3 frilled lizards
  2 gnoll zombies (D:4)
  A jackal skeleton (D:8)
  9 rats
284 creatures vanquished.

Notes
Turn   | Place    | Note
-------+----------+-------------------------------------------
     0 | D:1      | RudyRod the Formicid Fighter began the quest for the Orb.
     0 | D:1      | Reached XP level 1. HP: 18/18 MP: 1/1
   145 | D:1      | Reached XP level 2. HP: 24/24 MP: 2/2
   281 | D:1      | Reached skill level 4 in Shields
   352 | D:1      | Reached XP level 3. HP: 27/30 MP: 3/3
   527 | D:1      | Found a shattered altar of Ashenzari.
  1136 | D:2      | Reached XP level 4. HP: 31/37 MP: 4/4
  1651 | D:3      | Found a faded altar of an unknown god.
  1914 | D:3      | Reached XP level 5. HP: 42/42 MP: 5/5
  1940 | D:3      | Reached skill level 5 in Shields
  2424 | D:3      | Found a deep blue altar of Sif Muna.
  2483 | D:3      | Reached XP level 6. HP: 48/48 MP: 6/6
  2612 | D:3      | Identified Sif Muna's Collected Works on Air
  3290 | D:4      | Found a basalt altar of Yredelemnul.
  3379 | D:4      | Found a blossoming altar of Fedhas.
  3487 | D:4      | Reached skill level 1 in Dodging
  3487 | D:4      | Reached XP level 7. HP: 54/54 MP: 7/7
  3635 | D:5      | Entered Level 5 of the Dungeon
  3756 | D:5      | Reached skill level 5 in Armour
  3812 | D:5      | Reached skill level 5 in Long Blades
  3981 | D:5      | Found a staircase to the Ecumenical Temple.
  3993 | Temple   | Entered the Ecumenical Temple
  4024 | Temple   | Became a worshipper of Warmaster Okawaru
  4099 | D:5      | Reached XP level 8. HP: 30/61 MP: 8/8
  4392 | D:5      | Found a bloodstained altar of Trog.
  4394 | D:5      | Found a shimmering altar of Xom.
  4394 | D:5      | Found a radiant altar of Vehumet.
  4396 | D:5      | Found a glowing silver altar of Zin.
  4396 | D:5      | Found a hide-covered altar of Uskayaw.
  4396 | D:5      | Found a glowing silver altar of Zin.
  4619 | D:5      | Reached skill level 1 in Short Blades
  5013 | D:5      | Reached skill level 6 in Shields
  5153 | D:6      | Noticed Dowan
  5155 | D:6      | Noticed Duvessa
  5166 | D:6      | Killed Duvessa
  5166 | D:6      | Reached skill level 5 in Fighting
  5180 | D:6      | Killed Dowan
  5325 | D:6      | Reached * piety under Okawaru
  5613 | D:6      | Reached XP level 9. HP: 34/68 MP: 9/9
  5788 | D:6      | Reached skill level 1 in Stealth
  5892 | D:6      | Found a runed door.
  5896 | D:6      | Noticed Crazy Yiuf
  5908 | D:6      | Killed Crazy Yiuf
  6218 | D:7      | Reached skill level 1 in Evocations
  6464 | D:7      | Reached skill level 7 in Shields
  6514 | D:7      | Reached ** piety under Okawaru
  6856 | D:7      | Found Riniliza's General Store.
  6864 | D:7      | Bought a potion of agility for 44 gold pieces
  6864 | D:7      | Bought a meat ration for 55 gold pieces
  6864 | D:7      | Bought a scroll of identify for 22 gold pieces
  6864 | D:7      | Bought a royal jelly for 22 gold pieces
  6864 | D:7      | Bought a scroll of identify for 22 gold pieces
  7018 | D:7      | Reached XP level 10. HP: 54/76 MP: 11/11
  7251 | D:7      | Identified a scroll of acquirement
  7252 | D:7      | Got a bound platinum ring
  7253 | D:7      | Identified the ring of Hiselos {+Inv EV+3} (You acquired it on level 7 of the Dungeon)
  7263 | D:7      | Gained mutation: Your magical capacity is low. (-10% MP) [potion of mutation]
  7263 | D:7      | Gained mutation: Your muscles are strong. (Str +2) [potion of mutation]
  7263 | D:7      | Gained mutation: You are somewhat resistant to further mutation. [potion of mutation]
  7355 | D:8      | Found a staircase to the Lair.
  7362 | D:8      | Noticed Prince Ribbit
  7377 | D:8      | Killed Prince Ribbit
  7377 | D:8      | Reached skill level 5 in Short Blades
  7388 | D:8      | Reached *** piety under Okawaru
  7444 | D:8      | Noticed Gastronok
  8457 | D:8      | Killed Gastronok
  8457 | D:8      | Reached skill level 8 in Shields
  8647 | D:9      | Noticed an unseen horror
  8690 | D:9      | Killed an unseen horror
  8690 | D:9      | Reached **** piety under Okawaru
  8690 | D:9      | Reached skill level 5 in Dodging
  8690 | D:9      | Reached skill level 5 in Stealth
  8690 | D:9      | Reached XP level 11. HP: 61/83 MP: 12/12
  8845 | D:9      | Found a glowing golden altar of the Shining One.
  8848 | D:9      | Found a hazy altar of Hepliaklqana.
  8853 | D:9      | Found a stormy altar of Qazlal.
  9256 | D:9      | Noticed a two-headed ogre
  9268 | D:9      | Killed a two-headed ogre
  9268 | D:9      | Reached skill level 9 in Shields
  9506 | D:9      | Noticed a two-headed ogre
  9531 | D:9      | Killed a two-headed ogre
  9531 | D:9      | Reached ***** piety under Okawaru
  9747 | D:9      | Noticed a two-headed ogre
  9813 | D:9      | Killed a two-headed ogre
  9813 | D:9      | Received a gift from Okawaru
 10099 | D:9      | Reached skill level 5 in Evocations
 10461 | D:10     | Entered Level 10 of the Dungeon
 10560 | D:10     | Noticed Maurice
 10584 | D:10     | Killed Maurice
 10610 | D:10     | Found an iron altar of Okawaru.
 10648 | D:10     | Reached skill level 10 in Shields
 11067 | D:10     | Noticed Grum
 11099 | D:10     | Reached XP level 12. HP: 86/91 MP: 14/14
 11141 | D:10     | Killed Grum
 12514 | D:10     | Found a roughly hewn altar of Beogh.
 12514 | D:10     | Found a staircase to the Orcish Mines.
 12710 | D:11     | Gained mutation: You are resistant to electric shocks. (rElec) [mutagenic meat]
 12871 | D:11     | Found a stormy altar of Qazlal.
 13023 | D:11     | Reached skill level 11 in Shields
 13795 | D:11     | Noticed Sonja
 13837 | D:11     | Noticed a two-headed ogre
 13863 | D:11     | Killed a two-headed ogre
 13913 | D:11     | Found Lidykh's Weapon Emporium.
 14096 | D:11     | Received a gift from Okawaru
 14117 | D:11     | Noticed a two-headed ogre
 14161 | D:11     | Slain by a two-headed ogre

Skill      XL: |  1  2  3  4  5  6  7  8  9 10 11 12 |
---------------+-------------------------------------+-----
Shields        | 4 5 6 7 8 10 11 | 11.4
Armour         | 4 5 6 7 8 |  8.7
Long Blades    | 3 4 5 6 |  6.0
Fighting       | 4 5 6 7 |  7.2
Dodging        | 1 3 4 5 6 |  6.5
Short Blades   | 2 4 6 7 8 |  8.2
Stealth        | 2 5 6 7 |  7.3
Evocations     | 2 4 5 6 |  6.2
Invocations    | |  0.5

Action                   |  1- 3 |  4- 6 |  7- 9 | 10-12 || total
-------------------------+-------+-------+-------+-------++-------
Melee: Long sword        |   108 |   179 |    86 |       ||   373
       Short sword       |       |       |   389 |  1208 ||  1597
Invok: Heroism           |       |       |     1 |     8 ||     9
       Finesse           |       |       |       |     1 ||     1
 Abil: Dig               |       |     2 |       |     4 ||     6
  Use: Scroll            |       |     2 |     1 |    12 ||    15
       Potion            |       |       |     3 |    10 ||    13
 Stab: Sleeping          |       |       |     1 |     3 ||     4
       Distracted        |       |       |       |     2 ||     2
  Eat: Chunk             |     1 |     3 |     5 |    10 ||    19
       Bread ration      |       |     2 |       |     2 ||     4
       Meat ration       |       |       |     1 |     1 ||     2
       Royal jelly       |       |       |       |     1 ||     1
       Fruit             |       |       |       |     1 ||     1
Armor: Scale mail        |    45 |    64 |    45 |   131 ||   285
       Leather armour    |       |       |    45 |    46 ||    91
Dodge: Dodged            |    24 |    57 |   134 |   546 ||   761
Block: Shield            |    53 |    97 |   152 |   609 ||   911
       Rpst.: Long sword |     7 |    14 |    12 |       ||    33
